 Dungeon Crawl Stone Soup version 0.23-a0-391-g8c51ad5 (webtiles) character file.

78541 Azzok the Eclecticist (level 15, -9/82 HPs)
             Began as a Deep Elf Fire Elementalist on Oct 30, 2018.
             Was the Champion of Vehumet.
             Shot with an arrow by a centaur warrior (14 damage)
             ... on level 13 of the Dungeon.
             The game lasted 00:59:45 (30343 turns).

Azzok the Eclecticist (Deep Elf Fire Elementalist) Turns: 30343, Time: 00:59:46

Health: -9/82      AC:  8    Str:  9    XL:     15   Next: 18%
Magic:  11/47      EV: 13    Int: 27    God:    Vehumet [******]
Gold:   1910       SH:  4    Dex: 11    Spells: 21/49 levels left

rFire    + + +     SeeInvis .   M - staff of fire
rCold    . . .     Gourm    .   F - +0 buckler
rNeg     . . .     Faith    +   K - +0 troll leather armour
rPois    +         Spirit   .   t - +1 hat
rElec    .         Reflect  .   e - scarf {rC+ rF+}
rCorr    .         Harm     .   H - +2 pair of gloves
MR       +....                  (no boots)
Stlth    ++........             i - amulet of faith
HPRegen  0.63/turn              J - ring "Teymymp" {+Fly rPois MP+9 Str+4 Dex-4}
MPRegen  0.30/turn              N - ring of fire

@: about to teleport, very slightly contaminated
A: no striking features
a: Renounce Religion, Evoke Flight


You were on level 13 of the Dungeon.
You worshipped Vehumet.
Vehumet was exalted by your worship.
You were not hungry.

You visited 4 branches of the dungeon, and saw 23 of its levels.

You collected 2482 gold pieces.
You spent 572 gold pieces at shops.

Inventory:

Armour
 e - a scarf of resistance (worn)
 t - a +1 hat (worn)
 u - a scarf of cloud immunity
 F - a +0 buckler (worn)
 H - a +2 pair of gloves (worn)
 K - a +0 troll leather armour (worn)
Magical Staves
 M - an uncursed staff of fire (weapon)
Jewellery
 i - an amulet of faith (around neck)
 l - an uncursed ring of flight
 m - an uncursed ring of protection from magic
 p - an uncursed ring of protection from magic
 x - an uncursed ring of wizardry
 J - the ring "Teymymp" (left hand) {+Fly rPois MP+9 Str+4 Dex-4}
   (You found it on level 4 of the Lair of Beasts)

   [ring of flight]

   It affects your strength (+4).
   It affects your dexterity (-4).
   It protects you from poison.
   It affects your magic capacity (+9).
   It lets you fly.
 N - a ring of fire (right hand)
Wands
 h - a wand of iceblast (9)
 s - a wand of paralysis (21)
 y - a wand of polymorph (11)
 I - a wand of clouds (7)
 O - a wand of digging (3)
 Q - a wand of disintegration (19)
Scrolls
 f - 4 scrolls of magic mapping
 g - 4 scrolls of blinking
 j - a scroll of brand weapon {unknown}
 k - 7 scrolls of amnesia
 n - a scroll of enchant weapon {unknown}
 r - 4 scrolls of fog {unknown}
 v - 2 scrolls of immolation {unknown}
 w - 12 scrolls of teleportation
 z - 8 scrolls of enchant armour
 A - 4 scrolls of fear
 B - 12 scrolls of remove curse
 R - a scroll of summoning {unknown}
Potions
 b - 8 potions of brilliance
 d - 4 potions of agility
 o - 5 potions of heal wounds
 q - 7 potions of curing
 C - 5 potions of haste
 D - 3 potions of flight
 E - a potion of ambrosia
 G - 5 potions of lignification
 L - 2 potions of mutation {!q}
 P - a potion of cancellation
 S - a potion of resistance
Comestibles
 c - 48 rations


   Skills:
 - Level 5.0 Fighting
 + Level 4.4 Dodging
 - Level 2.4 Stealth
 - Level 4.0 Shields
 + Level 17.6 Spellcasting
 + Level 15.4 Conjurations
 + Level 15.7 Fire Magic
 + Level 7.3 Earth Magic


You had 21 spell levels left.
You knew the following spells:

 Your Spells              Type           Power        Failure   Level  Hunger
a - Flame Tongue          Conj/Fire      #####        0%          1    None
b - Conjure Flame         Conj/Fire      ########     0%          3    None
c - Sticky Flame          Conj/Fire      ########     1%          4    None
d - Fireball              Conj/Fire      ########..   1%          5    None
e - Iron Shot             Conj/Erth      ######....   1%          6    ###....
f - Orb of Destruction    Conj           #######...   1%          7    #####..
g - Blink                 Tloc           N/A          4%          2    None

Your spell library contained the following spells:

 Spells                   Type           Power        Failure   Level  Hunger
 Conjure Ball Lightning   Conj/Air       ######....   5%          6    ###....
 Magic Dart               Conj           ####         0%          1    None
 Searing Ray              Conj           ######       0%          2    None
 Throw Flame              Conj/Fire      ######       0%          2    None
 Dazzling Spray           Conj/Hex       ######       1%          3    None
 Inner Flame              Hex/Fire       #######.     1%          3    None
 Mephitic Cloud           Conj/Pois/Air  ######..     1%          3    None
 Force Lance              Conj/Tloc      ######..     1%          4    None
 Fulminant Prism          Conj/Hex       ######....   1%          4    None
 Iskenderun's Mystic Bla  Conj           #######.     1%          4    None
 Animate Skeleton         Necr           N/A          2%          1    None
 Beastly Appendage        Tmut           ###...       2%          1    None
 Confusing Touch          Hex            ###...       2%          1    None
 Corona                   Hex            ###....      2%          1    None
 Pain                     Necr           ###.         2%          1    None
 Summon Small Mammal      Summ           ###.         2%          1    None
 Call Imp                 Summ           ###.....     4%          2    None
 Ensorcelled Hibernation  Hex/Ice        ###...       4%          2    None
 Slow                     Hex            ###.....     4%          2    None
 Sticks to Snakes         Tmut           ###.....     4%          2    None
 Petrify                  Tmut/Erth      #####...     6%          4    None
 Call Canine Familiar     Summ           ###.....     9%          3    None
 Confuse                  Hex            ###.....     9%          3    None
 Gell's Gravitas          Tloc           ###.......   9%          3    None
 Regeneration             Chrm/Necr      ###.......   9%          3    None
 Spider Form              Tmut/Pois      ###.......   9%          3    None
 Summon Guardian Golem    Hex/Summ       ###.....     9%          3    None
 Tukima's Dance           Hex            ###.....     9%          3    None
 Vampiric Draining        Necr           ###.......   9%          3    None
 Yara's Violent Unravell  Hex/Tmut       ###.......   21%         5    None
 Animate Dead             Necr           N/A          28%         4    None
 Ice Form                 Ice/Tmut       ###.....     28%         4    None
 Summon Ice Beast         Ice/Summ       ###.....     28%         4    None
 Summon Lightning Spire   Summ/Air       ###.....     28%         4    None
 Blade Hands              Tmut           ###.......   61%         5    None
 Metabolic Englaciation   Hex/Ice        ###.......   61%         5    None


Dungeon Overview and Level Annotations

Branches:
Dungeon (14/15)            Temple (1/1) D:4            Lair (6/6) D:11
  Swamp (0/4) Lair:3        Snake (0/4) Lair:2        Slime (0/5) Lair:6
    Orc (2/2) D:12            Elf (0/3) Orc:2        Vaults (0/5) D:13

Altars:
Ashenzari
Dithmenos
Elyvilon
Fedhas
Hepliaklqana
Kikubaaqudgha
Makhleb
Nemelex Xobeh
Okawaru
Qazlal
Uskayaw
Vehumet
Wu Jian
Xom
Yredelemnul
Zin
The Shining One

Shops:
D:11 !   Orc:2 (((}*

Annotations:
D:13 Frances
Lair:4 1 runed door, nixmar's ghost, journeyman DrFi


Message History

You climb upwards.
There is a stone staircase leading down here.
Blink to where?
Press: ? - help, Dir - move target cursor You are very lightly contaminated with residual magic.
As you read the scroll of blinking, it crumbles to dust.
What are your orders? t - Shout!
Orders for allies: a - Attack new target. r - Retreat! s - Stop attacking. g - Guard the area. f - Follow me.
Anything else - Cancel.
Okay, then.
As you read the scroll of teleportation, it crumbles to dust.
You feel strangely unstable.
Frances burns!
The centaur warrior wields a +0 shortbow.
The centaur warrior shoots an arrow.
The arrow hits you!!
* * * LOW HITPOINT WARNING * * *
The centaur warrior shoots an arrow.
The arrow hits you!
You die...

····▒▒··▒···▒·▒
·▒▒·········▒·▒
·▒········▒▒▒·▒
······▒▒▒··▒▒·▒
·······▒▒▒·▒▒·▒▒▒▒▒▒▒▒▒▒
▒▒▒▒▒···▒▒·▒▒··········▒▒▒▒
······▒·▒▒················▒▒
········▒▒▒▒▒········♣···♣·▒▒
··▒▒▒▒▒····▒····@···(··c····▒▒
▒····▒▒·▒▒·········♣y@·§···♣·▒
········▒▒▒▒·▒··············▒▒
·····················♣···♣··▒
▒▒▒▒▒·····▒▒·▒··············▒
··········▒▒·▒·········▒▒··▒▒
▒▒▒▒▒·····▒▒·▒·············▒
·············▒▒▒▒▒▒▒▒▒▒▒▒▒▒▒
▒▒▒▒▒·····▒···▒


You could see Frances (burning), a centaur warrior and a vampire mosquito.

Vanquished Creatures
  Nessos (Lair:5)
  A fire dragon (Lair:6)
  Erolcha (Orc:2)
  An ogre mage (D:10)
  A centaur warrior (D:12)
  12 hydras
  A catoblepas (Lair:6)
  2 death knights
  2 dancing weapons (D:13)
  A two-headed ogre (D:11)
  4 orc high priests
  Sonja (D:12)
  A skeletal warrior (D:13)
  A deep troll (D:10)
  A wizard (D:11)
  2 phantasmal warriors (D:13)
  A wolf spider zombie (D:12)
  A lindwurm (Lair:6)
  7 orc knights
  4 oklob plants (Lair:4)
  A deep elf mage (D:12)
  6 orc sorcerers
  3 ugly things
  A manticore (D:13)
  Maurice (D:12)
  A cyclops (D:11)
  8 elephants (Lair:6)
  4 gargoyles
  3 centaur skeletons
  6 black mambas
  2 molten gargoyles (Lair:6)
  11 spiny frogs
  A kobold demonologist (D:10)
  10 komodo dragons
  3 meliai (D:14)
  6 trolls
  2 polar bears
  2 hornets
  7 blink frogs
  Prince Ribbit (D:8)
  11 hippogriffs
  4 dream sheep (Lair:6)
  5 wyverns
  A shadow (D:12)
  66 yaks
  7 basilisks
  A yak (shapeshifter) (D:13)
  A warg (Orc:2)
  4 vampire mosquitoes (D:13)
  A steam dragon (Lair:6)
  Edmund (D:5)
  2 soldier ants
  10 porcupines
  4 hell hounds (Lair:6)
  7 water moccasins
  A swamp drake (D:12)
  An eye of draining (D:11)
  2 ice beasts
  26 orc warriors
  2 black bears
  3 necrophages
  6 sky beasts
  14 ogres
  2 phantoms
  3 wolves (Lair:6)
  4 centaurs
  14 crocodiles
  2 big kobolds
  17 bullfrogs
  A gnoll sergeant (D:10)
  3 scorpions
  14 killer bees
  8 wights
  3 electric eels (Lair:3)
  2 howler monkeys
  5 jellies
  5 lava snakes (Lair:6)
  8 hounds
  2 centaur zombies
  20 orc priests
  30 orc wizards
  4 bullfrog skeletons
  5 iguanas
  Natasha (thrice) (D:2)
  15 worker ants
  A killer bee zombie (D:7)
  3 hound zombies
  2 hound skeletons (D:9)
  A howler monkey zombie (D:8)
  5 gnolls (D:10)
  3 river rats (D:5)
  12 adders
  2 shadow imps
  5 oozes
  An adder zombie (D:4)
  An adder skeleton (D:10)
  3 worms
  2 dart slugs (D:1)
  5 leopard geckos
  99 orcs
  4 giant cockroaches
  5 hobgoblins
  2 jackals (D:11)
  13 kobolds
  7 quokkas
  6 bats
  6 frilled lizards
  A giant cockroach zombie (D:5)
  8 goblins
  9 rats
  2 butterflies (Lair:3)
  A fungus (Lair:6)
  7 plants
691 creatures vanquished.

Vanquished Creatures (others)
  Snorg (Lair:6)
  14 fungi
  19 plants
34 creatures vanquished.

Grand Total: 725 creatures vanquished

Notes
Turn   | Place    | Note
-------+----------+-------------------------------------------
     0 | D:1      | Azzok the Deep Elf Fire Elementalist began the quest for
                  | the Orb.
     0 | D:1      | Reached XP level 1. HP: 10/10 MP: 6/6
   455 | D:1      | Reached XP level 2. HP: 15/15 MP: 6/8
  1446 | D:2      | Reached XP level 3. HP: 19/19 MP: 7/9
  1451 | D:2      | Learned a level 3 spell: Conjure Flame
  1622 | D:2      | Noticed Natasha
  1632 | D:2      | Killed Natasha
  1955 | D:2      | Noticed Natasha
  1961 | D:2      | Killed Natasha
  1961 | D:2      | Reached XP level 4. HP: 5/24 MP: 5/10
  2082 | D:2      | Noticed Natasha
  2087 | D:2      | Killed Natasha
  2624 | D:3      | Reached skill level 5 in Fire Magic
  2624 | D:3      | Reached XP level 5. HP: 28/28 MP: 9/11
  3039 | D:3      | Learned a level 4 spell: Sticky Flame
  3124 | D:3      | Found a blossoming altar of Fedhas.
  3125 | D:3      | Found a shadowy altar of Dithmenos.
  3135 | D:3      | Found a stormy altar of Qazlal.
  3135 | D:3      | Found an ornate altar of the Wu Jian Council.
  3135 | D:3      | Found a basalt altar of Yredelemnul.
  3135 | D:3      | Found an iron altar of Okawaru.
  3135 | D:3      | Found a shimmering altar of Xom.
  3137 | D:3      | Found a sparkling altar of Nemelex Xobeh.
  3138 | D:3      | Found a white marble altar of Elyvilon.
  3139 | D:3      | Found an ancient bone altar of Kikubaaqudgha.
  3141 | D:3      | Found a shattered altar of Ashenzari.
  3675 | D:4      | Found a staircase to the Ecumenical Temple.
  3752 | Temple   | Entered the Ecumenical Temple
  3842 | Temple   | Became a worshipper of Vehumet
  4208 | D:4      | Noticed an ogre
  4221 | D:4      | Killed an ogre
  4221 | D:4      | Reached XP level 6. HP: 32/32 MP: 12/13
  4509 | D:5      | Entered Level 5 of the Dungeon
  4632 | D:5      | Reached skill level 4 in Spellcasting
  4946 | D:5      | Noticed a hippogriff
  4954 | D:5      | Killed a hippogriff
  4954 | D:5      | Reached skill level 5 in Conjurations
  4954 | D:5      | Reached XP level 7. HP: 10/36 MP: 16/16
  5257 | D:5      | Reached skill level 5 in Spellcasting
  5508 | D:5      | Learned a level 5 spell: Fireball
  5531 | D:5      | Noticed Edmund
  5590 | D:5      | Killed Edmund
  5849 | D:5      | Reached skill level 6 in Spellcasting
  6006 | D:6      | Noticed a hippogriff
  6015 | D:6      | Killed a hippogriff
  6015 | D:6      | Reached XP level 8. HP: 19/41 MP: 12/19
  6500 | D:6      | Reached * piety under Vehumet
  6500 | D:6      | Offered knowledge of Shock by Vehumet.
  6508 | D:6      | Reached skill level 7 in Spellcasting
  7552 | D:6      | Reached skill level 8 in Spellcasting
  8258 | D:7      | Reached XP level 9. HP: 45/45 MP: 18/23
  8642 | D:7      | Reached skill level 9 in Spellcasting
  8885 | D:8      | Noticed Prince Ribbit
  8894 | D:8      | Killed Prince Ribbit
  9120 | D:8      | Reached skill level 10 in Spellcasting
  9494 | D:8      | Offered knowledge of Magic Dart by Vehumet.
  9644 | D:9      | Reached ** piety under Vehumet
  9650 | D:9      | Reached skill level 10 in Fire Magic
  9650 | D:9      | Reached XP level 10. HP: 50/50 MP: 17/26
  9995 | D:9      | Found a glowing golden altar of the Shining One.
 10107 | D:9      | Reached skill level 1 in Shields
 10303 | D:9      | Reached skill level 11 in Spellcasting
 10639 | D:9      | HP: 2/50 [orc warrior/stone (3)]
 11091 | D:9      | Offered knowledge of Throw Frost by Vehumet.
 11268 | D:10     | Entered Level 10 of the Dungeon
 11316 | D:10     | Reached skill level 10 in Conjurations
 11638 | D:10     | Noticed a death knight
 11658 | D:10     | Killed a death knight
 12031 | D:10     | Noticed a brown ugly thing
 12038 | D:10     | Killed a brown ugly thing
 12038 | D:10     | Reached *** piety under Vehumet
 12702 | D:10     | Reached XP level 11. HP: 54/54 MP: 28/28
 12999 | D:10     | Offered knowledge of Stone Arrow by Vehumet.
 12999 | D:10     | Reached skill level 12 in Spellcasting
 13005 | D:10     | Noticed an ogre mage
 13008 | D:10     | Killed an ogre mage
 13084 | D:10     | Noticed a deep troll
 13090 | D:10     | Killed a deep troll
 13187 | D:10     | Got a scintillating golden ring
 13189 | D:10     | Identified the ring of the Komodo Dragon {Str+2 Slay+4}
                  | (You found it on level 10 of the Dungeon)
 13876 | D:11     | Noticed a wizard
 13879 | D:11     | Killed a wizard
 14396 | D:11     | Reached **** piety under Vehumet
 14509 | D:11     | Offered knowledge of Lightning Bolt by Vehumet.
 14570 | D:11     | Noticed a two-headed ogre
 14583 | D:11     | Killed a two-headed ogre
 14583 | D:11     | Reached skill level 13 in Spellcasting
 14586 | D:11     | Noticed an eight-headed hydra
 14587 | D:11     | Killed an eight-headed hydra
 14998 | D:11     | Found Quruvvom's Distillery.
 15087 | D:11     | Bought a potion of heal wounds for 65 gold pieces
 15228 | D:11     | Found a staircase to the Lair.
 15479 | Lair:1   | Entered Level 1 of the Lair of Beasts
 15479 | Lair:1   | Found a hide-covered altar of Uskayaw.
 15535 | Lair:1   | Reached XP level 12. HP: 60/60 MP: 30/31
 15695 | Lair:1   | Reached skill level 1 in Fighting
 16800 | Lair:2   | Noticed a six-headed hydra
 16814 | Lair:2   | Killed a six-headed hydra
 16928 | Lair:2   | Reached skill level 14 in Spellcasting
 17231 | Lair:2   | Found a staircase to the Snake Pit.
 17413 | Lair:2   | Noticed a six-headed hydra
 17418 | Lair:2   | Killed a six-headed hydra
 17805 | Lair:3   | Noticed a four-headed hydra
 17809 | Lair:3   | Killed a four-headed hydra
 18501 | Lair:3   | Found a staircase to the Swamp.
 18750 | Lair:3   | Learned a level 2 spell: Blink
 19367 | Lair:3   | Got a dazzling quarterstaff
 19368 | Lair:3   | Identified the cursed +0 quarterstaff of Nucisor {venom,
                  | rF+ Stlth+} (You found it on level 3 of the Lair of Beasts)
 19594 | Lair:4   | Noticed a four-headed hydra
 19598 | Lair:4   | Killed a four-headed hydra
 19598 | Lair:4   | Reached XP level 13. HP: 72/72 MP: 27/33
 19736 | Lair:4   | Reached ***** piety under Vehumet
 19736 | Lair:4   | Offered knowledge of Bolt of Magma by Vehumet.
 19736 | Lair:4   | Reached skill level 15 in Spellcasting
 20015 | Lair:4   | Got a coiled silver ring
 20166 | Lair:4   | Found a runed door.
 20166 | Lair:4   | Noticed nixmar's ghost (journeyman DrFi)
 20286 | Lair:4   | Reached skill level 5 in Fighting
 20599 | Lair:4   | Identified the ring "Teymymp" {+Fly rPois MP+9 Str+4 Dex-4}
                  | (You found it on level 4 of the Lair of Beasts)
 21314 | Lair:5   | Noticed Nessos
 21319 | Lair:5   | Killed Nessos
 21813 | Lair:6   | Entered Level 6 of the Lair of Beasts
 21840 | Lair:6   | Killed Snorg
 22383 | Lair:6   | Learned a level 5 spell: Bolt of Magma
 22389 | Lair:6   | Reached skill level 16 in Spellcasting
 22391 | Lair:6   | Reached skill level 1 in Earth Magic
 22863 | Lair:6   | Offered knowledge of Orb of Destruction by Vehumet.
 22867 | Lair:6   | Reached XP level 14. HP: 78/78 MP: 9/36
 22888 | Lair:6   | Learned a level 7 spell: Orb of Destruction
 23096 | Lair:6   | Found a staircase to the Slime Pits.
 24269 | Lair:6   | Found a large runed door.
 24269 | Lair:6   | Found a large runed door.
 25200 | D:12     | Noticed Sonja
 25209 | D:12     | Killed Sonja
 25572 | D:12     | Noticed Maurice
 25584 | D:12     | Killed Maurice
 25584 | D:12     | Reached skill level 15 in Fire Magic
 25962 | D:12     | Offered knowledge of Bolt of Draining by Vehumet.
 26095 | D:12     | Found a staircase to the Orcish Mines.
 26401 | D:12     | Reached skill level 5 in Earth Magic
 26796 | Orc:1    | Entered Level 1 of the Orcish Mines
 27093 | Orc:2    | Entered Level 2 of the Orcish Mines
 27267 | Orc:2    | Reached skill level 17 in Spellcasting
 27414 | Orc:2    | Noticed Erolcha
 27416 | Orc:2    | Killed Erolcha
 27493 | Orc:2    | Offered knowledge of Iron Shot by Vehumet.
 27507 | Orc:2    | Reached skill level 15 in Conjurations
 27614 | Orc:1    | Learned a level 6 spell: Iron Shot
 27782 | Orc:2    | Paralysed by an orc sorcerer for 3 turns
 28329 | Orc:2    | Found a staircase to the Elven Halls.
 28866 | Orc:2    | Found Yzynan's General Store.
 28866 | Orc:2    | Found Unocs's Antique Weapon Boutique.
 28900 | Orc:2    | Found Joej's Gadget Emporium.
 28900 | Orc:2    | Found Zeetz's Weapon Emporium.
 29029 | Orc:2    | Found Wudei's Antique Weapon Shoppe.
 29110 | D:11     | Bought a potion of cancellation for 104 gold pieces
 29110 | D:11     | Bought a potion of mutation for 104 gold pieces
 29110 | D:11     | Bought a potion of haste for 130 gold pieces
 29110 | D:11     | Bought a potion of resistance for 130 gold pieces
 29110 | D:11     | Bought a potion of curing for 39 gold pieces
 29396 | D:13     | Reached XP level 15. HP: 82/82 MP: 37/38
 29514 | D:13     | Reached ****** piety under Vehumet
 29652 | D:13     | Offered knowledge of Conjure Ball Lightning by Vehumet.
 30064 | D:13     | Found a gate to the Vaults.
 30329 | D:14     | Noticed Frances
 30343 | D:13     | Shot with an arrow by a centaur warrior

Vault maps used:
D:1:      dpeg_arrival_castle, st_stairs_11
D:2:      kennysheep_generic_room_11, uniq_natasha
D:3:      minitemple
D:4:      minmay_temple_entry_butterflies, first_ration, lemuel_flame_loot_1
D:5:      lightli_sewer_entry_pipes, uniq_edmund
D:6:      minivault_10, grunt_ministairs_3
D:8:      grunt_pizzeria, uniq_prince_ribbit1
D:9:      basic_altar
D:10:     minmay_shrinking_squares, kennysheep_kite_vault
D:11:     david_lair_shrubbed, serial_shops, shop, chequers_mini_garden,
          minivault_16
D:12:     erik_orc_1, uniq_maurice, uniq_sonja
D:13:     erik_vaults_1, grunt_ministairs_2
D:14:     minmay_four_partial_circles, minmay_lindwurm_lava, uniq_frances
Temple:   minmay_temple_curvy_loop
Lair:1:   basic_altar
Lair:2:   dummy_snake_entry, infiniplex_staircase_pool_2, grunt_megastairs_1
Lair:3:   swamp_mist_pool, serial_bayou_shore_a, lemuel_fruit_tree,
          grunt_megastairs_2, lemuel_fruit_fields
Lair:4:   gammafunk_ghost_grave, serial_bayou_shore_b, minmay_lair_oklob_chamber
Lair:5:   grunt_forest_small_clearings, uniq_nessos
Lair:6:   cheibrodos_lair_end_hotspot, nicolae_slime_entry_slimehenge,
          minivault_19, uniq_snorg
Orc:2:    st_orc_elflike, serial_shops, nicolae_shop_overgrown_old_shop,
          mines4_lemuel, uniq_erolcha

Skill      XL: |  1  2  3  4  5  6  7  8  9 10 11 12 13 14 15 |
---------------+----------------------------------------------+-----
Conjurations   | 2 3 4 5 6 7 9 10 12 13 14 15 | 15.4
Fire Magic     | 4 5 6 7 8 10 11 12 13 14 15 | 15.7
Spellcasting   | 4 6 8 10 11 13 14 16 17 | 17.6
Shields        | 3 4 |  4.0
Fighting       | 4 5 |  5.0
Earth Magic    | 2 6 7 |  7.3
Dodging        | 3 4 |  4.4
Stealth        | |  2.4

Action                   |  1- 3 |  4- 6 |  7- 9 | 10-12 | 13-15 || total
-------------------------+-------+-------+-------+-------+-------++-------
Melee: Dagger            |     7 |       |    50 |    13 |       ||    70
 Cast: Flame Tongue      |    57 |    58 |   164 |   176 |    45 ||   500
       Sticky Flame      |       |     3 |    21 |    34 |    29 ||    87
       Conjure Flame     |       |     1 |     4 |    11 |     1 ||    17
       Fireball          |       |       |    22 |   169 |   346 ||   537
       Bolt of Magma     |       |       |       |       |    25 ||    25
       Blink             |       |       |       |       |     2 ||     2
       Orb of Destructio |       |       |       |       |     8 ||     8
       Iron Shot         |       |       |       |       |     5 ||     5
  Use: Scroll            |       |     3 |    10 |     7 |     7 ||    27
 Stab: Sleeping          |     1 |       |       |     1 |       ||     2
  Eat: Chunk             |     3 |     6 |    15 |    37 |    25 ||    86
       Ration            |       |     1 |     1 |     2 |     3 ||     7
Armor: Robe              |     4 |     4 |    16 |     1 |       ||    25
       Troll leather arm |       |       |       |    11 |    16 ||    27
Dodge: Dodged            |    12 |    12 |    64 |    55 |    36 ||   179
Block: Buckler           |       |       |       |    19 |    17 ||    36

Table legend:
 A = Non-vault XP
 B = Vault XP
 C = Vault XP percentage of total XP
 D = Non-vault monster count
 E = Vault monster count
 F = Vault count percentage of total count
                 A         B        C        D         E       F
            +---------+---------+-------+---------+---------+-------
      Total |   75798 |   36404 |  32.4 |     523 |     158 |  23.2
            +---------+---------+-------+---------+---------+-------
        D:1 |      36 |       4 |  10.0 |      19 |       3 |  13.6
        D:2 |     109 |      37 |  25.3 |      18 |       2 |  10.0
        D:3 |      43 |       0 |   0.0 |       8 |       0 |   0.0
        D:4 |     167 |       0 |   0.0 |       6 |       0 |   0.0
        D:5 |     509 |     270 |  34.7 |      17 |      12 |  41.4
        D:6 |     743 |     298 |  28.6 |      24 |       2 |   7.7
        D:7 |    1100 |       0 |   0.0 |      20 |       0 |   0.0
        D:8 |    1702 |     391 |  18.7 |      17 |       2 |  10.5
        D:9 |    2517 |       0 |   0.0 |      33 |       0 |   0.0
       D:10 |    2472 |    3977 |  61.7 |      20 |      18 |  47.4
       D:11 |    7218 |      42 |   0.6 |      47 |       1 |   2.1
       D:12 |    5583 |    1915 |  25.5 |      24 |      19 |  44.2
       D:13 |    9109 |    2381 |  20.7 |      42 |       9 |  17.6
       D:14 |    1054 |     397 |  27.4 |       4 |       2 |  33.3
     Lair:1 |    2785 |       0 |   0.0 |      14 |       0 |   0.0
     Lair:2 |    5780 |     644 |  10.0 |      19 |       3 |  13.6
     Lair:3 |    4426 |    1264 |  22.2 |      22 |       5 |  18.5
     Lair:4 |    2939 |    5172 |  63.8 |       8 |       9 |  52.9
     Lair:5 |    3008 |    1372 |  31.3 |      14 |       1 |   6.7
     Lair:6 |   16748 |    8098 |  32.6 |      58 |      32 |  35.6
      Orc:1 |    4065 |       0 |   0.0 |      38 |       0 |   0.0
      Orc:2 |    3685 |   10142 |  73.3 |      51 |      38 |  42.7
            +---------+---------+-------+---------+---------+-------
